 Dungeon Sprint DCSS version 0.13-a0-2995-g9a84c3d (webtiles) character file.

1000000 Misa the Imperceptible (level 13, -48/72 HPs)
             Began as a Spriggan Enchanter on Sept 8, 2013.
             Was a Follower of Makhleb.
             Annihilated by a meat berserker
             ... wielding a +9,+9 battleaxe
              (83 damage)
             ... in the Dungeon (Sprint VIII: "Arena of Blood").
             The game lasted 00:00:40 (10 turns).

Misa the Imperceptible (Spriggan Enchanter)           Turns: 10, Time: 00:00:40

HP -48/72        AC  3     Str  4      XL: 13   Next: 83%
MP   3/39        EV 18     Int 22      God: Makhleb [*.....]
Gold 20          SH  0     Dex 16      Spells:  1 memorised, 53 levels left

Res.Fire  : . . .   See Invis. : +   l - +∞ Axe of Woe
Res.Cold  : . . .   Warding    : .   b - +1 robe
Life Prot.: . . .   Conserve   : .   (shield restricted)
Res.Poison: .       Res.Corr.  : .   (helmet restricted)
Res.Elec. : .       Clarity    : .   (no cloak)
Sust.Abil.: . .     Spirit.Shd : .   (gloves unavailable)
Res.Mut.  : .       Prev.Telep.: +   (boots unavailable)
Res.Rott. : .       Flight     : .   (no amulet)
Saprovore : . . .                    (no ring)
                                     (no ring)

@: very quick, very resistant to hostile enchantments, incredibly stealthy
A: unfitting armour, see invisible, herbivore 3, speed 3, slow metabolism 2
a: Renounce Religion


You were in the Dungeon.
You worshipped Makhleb.
Makhleb was most pleased with you.
You were not hungry.

You visited 1 branch

Inventory:

Hand weapons
 a - a +1,+1 dagger {=f}
 l - the +∞,+∞ Axe of Woe (weapon)
   (You found it in the Dungeon)
Missiles
 d - 12 darts (quivered)
Armour
 b - a +1 robe (worn)
Scrolls
 k - a scroll of blinking
Potions
 e - a potion of porridge
 f - a potion of curing
 g - a potion of heal wounds
 h - a potion of speed
 i - 2 potions of magic
 j - a potion of berserk rage
Books
 c - a book of Maledictions

   Spells                             Type                      Level
   *Corona                            Hexes                        1
   Sure Blade                         Hexes/Charms                 2
   Ensorcelled Hibernation            Hexes/Ice                    2
   Confuse                            Hexes                        3
   Enslavement                        Hexes                        4
   Invisibility                       Hexes                        6


   Skills:
 + Level 15.8 Fighting
 - Level 1.1 Short Blades
 - Level 1.1 Throwing
 - Level 3.0 Dodging
 + Level 26.0 Stealth
 + Level 21.2 Spellcasting
 + Level 21.3 Hexes


You had 53 spell levels left.
You knew the following spells:

 Your Spells              Type           Power        Failure   Level  Hunger
a - Corona                Hex            #######      0%          1    None


Dungeon Overview and Level Annotations

Branches:
Dungeon (1/1)

Altars:
Makhleb


Innate Abilities, Weirdness & Mutations

You are tiny and cannot use many weapons and most armour.
You have supernaturally acute eyesight.
You are a herbivore.
You cover ground extremely quickly.
You need consume almost no food.


Message History

The bag of meat appears out of thin air!
A bag of meat comes into view. It is wielding a +9,+9 war axe.
You hear a shout!
A meat berserker comes into view. It is wielding a +9,+9 battleaxe.
You hew the meat berserker savagely.
You kill the meat berserker!
Makhleb accepts your kill.
You feel a little better.
Your Fighting skill increases to level 15!
Your Stealth skill gained 2 levels and is now at level 26!
Your Spellcasting skill increases to level 21!
Your Hexes skill increases to level 21!
The meat berserker rages.
You hear a shout!
The meat berserker hits you with a +9,+9 battleaxe!
Ouch! That really hurt!
You hear a shout!
The meat berserker hits you with a +9,+9 battleaxe!
Ouch! That really hurt!
You die...

... ...... .......
......... .
#.......# ...
#.......# ....
.###.......###...o.
......###.))........
......o..O@O.......
..#.....#.).....#.
#_.<._#........
#.....#.O....#.
......_...........
......###.........
.###.. ...###... #..
...# .. #. ...#


You could see 3 meat berserkers and 2 bags of meat.

Vanquished Creatures
  2 ogres (D)
  2 orcs (D)
4 creatures vanquished.

Notes
Turn   | Place    | Note
--------------------------------------------------------------
     0 | D        | Misa, the Spriggan Enchanter, began the quest for the Orb.
     0 | D        | Reached XP level 1. HP: 9/9 MP: 4/4
     4 | D        | Became a worshipper of Makhleb the Destroyer
     5 | D        | Noticed a bag of meat
     5 | D        | Noticed a bag of meat
     5 | D        | Noticed a bag of meat
     6 | D        | Noticed a meat berserker
     7 | D        | Noticed a meat berserker
     8 | D        | Noticed a meat berserker
     8 | D        | Killed a meat berserker
     8 | D        | Reached skill level 11 in Fighting
     8 | D        | Reached skill level 20 in Stealth
     8 | D        | Reached XP level 2. HP: 14/14 MP: 2/14
     8 | D        | Reached XP level 3. HP: 19/19 MP: 2/19
     8 | D        | Reached XP level 4. HP: 24/24 MP: 2/22
     8 | D        | Reached XP level 5. HP: 29/29 MP: 2/25
     8 | D        | Reached XP level 6. HP: 34/34 MP: 2/27
     8 | D        | Reached XP level 7. HP: 39/39 MP: 2/29
     8 | D        | Reached XP level 8. HP: 44/44 MP: 2/31
     8 | D        | Reached XP level 9. HP: 49/49 MP: 2/32
     8 | D        | Reached XP level 10. HP: 53/53 MP: 2/34
     8 | D        | Reached XP level 11. HP: 58/58 MP: 2/35
     9 | D        | Noticed a meat berserker
     9 | D        | Killed a bag of meat
     9 | D        | Acquired Makhleb's first power
     9 | D        | Reached skill level 22 in Stealth
     9 | D        | Reached XP level 12. HP: 62/65 MP: 2/37
     9 | D        | Killed a bag of meat
     9 | D        | Reached skill level 24 in Stealth
     9 | D        | Reached XP level 13. HP: 66/72 MP: 2/39
    10 | D        | Noticed a meat berserker
    10 | D        | Noticed a bag of meat
    10 | D        | Killed a meat berserker
    10 | D        | Reached skill level 15 in Fighting
    10 | D        | Reached skill level 26 in Stealth
    10 | D        | Annihilated by a meat berserker

Action                   |  1- 3 |  4- 6 |  7- 9 | 10-12 | 13-15 || total
-------------------------+-------+-------+-------+-------+-------++-------
Melee: Broad axe         |     1 |       |       |     1 |     1 ||     3
